cohdb
Replays
Latest Replays
All Replays
Popular Replays
Top Player Replays
Match Explorer
How It Works
Community
CoH3 Stats
Reddit
Sign in to upload your games and track your stats! →
Sign in with Steam
Match 45538541
Unlisted
Match 45538541
Overview
Messages
Build Orders
End
Scout Squad
Construct Barracks
Selects Heavy Weapons
Riflemen Squad
Riflemen Squad
Riflemen Squad
Infantry Support Center
Grenade Package
Construct Medical Station
Selects Assault Carriers
Construct Weapon Support Center
Bazooka Squad
Engineer Squad
M3 Assault Carrier
M1 Mortar Team
M3 Assault Carrier
M1918 Browning Automatic Rifles
M1919 Machine Gun Team
Selects Exchangeable Parts
M1919 Machine Gun Team
Selects M2HB .50cal Heavy Machine Gun
Scout Squad
M1919 Machine Gun Team
Advanced Logistics
M1919 Machine Gun Team
Selects M26 Pershing Heavy Tank
M26 Pershing Heavy Tank
Demolitions Package
Construct Medical Station
Improved M9 Bazooka Rockets
Selects Rapid Reposition
Selects Bolstered Team Weapons
Construct Tank Depot
Theodosios
Makros
0
0
Comments
sign in to comment!
No comments posted yet!